[ AOE2 MATCH · #506524332 ]
UnrankedCumans vs Spanish
Player's team · WIN
Rival team · LOSS
[ REPLAY ANALYSIS · EXTRACTED FROM THE RECORDED GAME ]
Feudal
10:24
Castle
26:40
Imperial
39:19
| APM avg | 49.9 |
| APM peak | 99 |
| eAPM avg | 29.3 |
| Villagers / military | 146 / 87 |
Focus
⚔️ 29.3% · 🌾 70.7%
Scout Cavalry ×46 · Steppe Lancer ×12 · Archer ×8 · Skirmisher ×6 · Camel Scout ×5 · Trebuchet (Packed) ×4
Feudal
9:24
Castle
24:19
Imperial
36:08
| APM avg | 43.3 |
| APM peak | 80 |
| eAPM avg | 25.4 |
| Villagers / military | 187 / 63 |
Focus
⚔️ 29.2% · 🌾 70.8%
Archer ×21 · Missionary ×17 · Trebuchet (Packed) ×7 · Conquistador ×6 · Mangonel ×4 · Knight ×3
Match map
Initial resources + every placement click. Lines = walls · curves = elevation contours. ◆ gold · ⬟ stone · ● berries · ✦ relic · ◌ wall gap
Your base· ✓ Closed at 26:40 · 6t walls · 1 gate(s)
NACHg's base· Open — 6t gap
Smoothed initial terrain · ◌ = detected wall gap · hover for details
Inputs per minute
— RubyMess - - NACHg
Build order — RubyMess
First 150 of 357 actions detected
| 0:00 | Queue | Villager (Male) |
| 0:00 | Queue | Villager (Male) |
| 0:01 | Queue | Villager (Male) |
| 0:02 | Build | House |
| 0:03 | Build | House |
| 0:30 | Queue | Villager (Male) |
| 0:30 | Queue | Villager (Male) |
| 1:37 | Queue | Villager (Male) |
| 1:38 | Queue | Villager (Male) |
| 1:45 | Build | Lumber Camp |
| 1:58 | Queue | Villager (Male) |
| 1:58 | Queue | Villager (Male) |
| 2:24 | Queue | Villager (Male) |
| 2:24 | Queue | Villager (Male) |
| 2:59 | Queue | Villager (Male) |
| 3:00 | Queue | Villager (Male) |
| 3:44 | Queue | Villager (Male) |
| 3:44 | Queue | Villager (Male) |
| 3:47 | Build | House |
| 4:03 | Queue | Villager (Male) |
| 4:04 | Queue | Villager (Male) |
| 4:40 | Queue | Villager (Male) |
| 4:40 | Queue | Villager (Male) |
| 4:41 | Queue | Villager (Male) |
| 5:13 | Build | House |
| 5:41 | Queue | Villager (Male) |
| 5:41 | Queue | Villager (Male) |
| 5:42 | Queue | Villager (Male) |
| 5:42 | Queue | Villager (Male) |
| 5:42 | Queue | Villager (Male) |
| 5:51 | Queue | Villager (Male) |
| 5:52 | Queue | Villager (Male) |
| 5:54 | Build | Mill |
| 6:34 | Queue | Villager (Male) |
| 7:33 | Research | Loom |
| 7:47 | Build | Mining Camp |
| 8:14 | Research | Feudal Age |
| 8:16 | Research | Loom |
| 8:24 | Build | House |
| 8:31 | Queue | Villager (Male) |
| 9:50 | Queue | Villager (Male) |
| 10:15 | Build | Palisade Wall |
| 10:17 | Build | Palisade Wall |
| 10:21 | Build | Palisade Wall |
| 10:24 | Age | Feudal Age |
| 10:30 | Build | Town Center |
| 10:42 | Build | Palisade Wall |
| 10:50 | Build | Palisade Wall |
| 10:51 | Build | Palisade Wall |
| 11:12 | Queue | Villager (Male) |
| 11:12 | Queue | Villager (Male) |
| 11:32 | Research | Double-Bit Axe |
| 11:32 | Research | Double-Bit Axe |
| 11:59 | Queue | Villager (Male) ×5 |
| 12:12 | Build | Barracks |
| 12:16 | Build | House |
| 12:58 | Queue | Villager (Male) |
| 12:59 | Queue | Villager (Male) |
| 13:02 | Build | Archery Range |
| 13:27 | Queue | Villager (Male) |
| 13:31 | Build | Blacksmith |
| 13:44 | Queue | Archer |
| 13:45 | Queue | Archer |
| 13:55 | Build | Archery Range |
| 14:05 | Queue | Villager (Male) |
| 14:12 | Build | Palisade Gate |
| 14:21 | Queue | Archer |
| 14:27 | Research | Padded Archer Armor |
| 14:35 | Queue | Villager (Male) |
| 14:59 | Build | Farm |
| 15:00 | Build | Farm |
| 15:01 | Build | Farm |
| 15:10 | Build | House |
| 15:17 | Queue | Archer |
| 15:21 | Build | House |
| 15:22 | Build | House |
| 15:28 | Queue | Villager (Male) |
| 15:30 | Queue | Villager (Male) |
| 15:37 | Research | Fletching |
| 15:46 | Build | House |
| 15:59 | Queue | Archer |
| 16:00 | Queue | Archer |
| 16:06 | Queue | Villager (Male) |
| 16:07 | Queue | Villager (Male) |
| 16:33 | Queue | Archer ×2 |
| 16:48 | Build | Farm |
| 16:49 | Queue | Villager (Male) |
| 17:01 | Build | Mining Camp |
| 17:10 | Queue | Villager (Male) |
| 17:13 | Build | Farm |
| 17:30 | Build | Farm |
| 17:38 | Build | Mill |
| 17:52 | Queue | Skirmisher |
| 17:53 | Queue | Skirmisher |
| 18:06 | Build | Watch Tower |
| 18:10 | Queue | Villager (Male) |
| 18:15 | Build | Farm |
| 18:17 | Build | Farm |
| 18:18 | Build | Farm |
| 19:08 | Queue | Skirmisher |
| 19:09 | Queue | Skirmisher |
| 19:10 | Queue | Villager (Male) |
| 19:11 | Queue | Villager (Male) |
| 19:27 | Queue | Villager (Male) |
| 19:28 | Queue | Villager (Male) |
| 19:28 | Queue | Villager (Male) |
| 19:35 | Build | Lumber Camp |
| 19:38 | Build | Farm |
| 19:40 | Build | Farm |
| 19:45 | Build | Farm |
| 19:47 | Build | Farm |
| 20:00 | Queue | Skirmisher |
| 20:01 | Queue | Skirmisher |
| 20:22 | Build | Farm |
| 20:49 | Build | Watch Tower |
| 21:19 | Queue | Villager (Male) |
| 21:19 | Queue | Villager (Male) |
| 21:25 | Queue | Villager (Male) |
| 21:25 | Queue | Villager (Male) |
| 21:54 | Queue | Villager (Male) |
| 21:55 | Queue | Villager (Male) |
| 21:55 | Queue | Villager (Male) |
| 22:30 | Queue | Villager (Male) |
| 22:31 | Queue | Villager (Male) |
| 22:50 | Build | Market |
| 22:54 | Build | Farm |
| 22:55 | Build | Farm |
| 22:57 | Build | Farm |
| 22:57 | Build | Farm |
| 23:02 | Build | Farm |
| 23:15 | Build | Farm |
| 23:22 | Queue | Villager (Male) |
| 23:26 | Build | House |
| 23:26 | Build | House |
| 24:00 | Research | Castle Age |
| 24:02 | Queue | Villager (Male) |
| 24:18 | Build | Lumber Camp |
| 24:25 | Build | Lumber Camp |
| 24:40 | Queue | Villager (Male) |
| 24:41 | Queue | Villager (Male) |
| 24:41 | Queue | Villager (Male) |
| 24:41 | Queue | Villager (Male) |
| 24:42 | Queue | Villager (Male) |
| 25:03 | Research | Horse Collar |
| 25:03 | Research | Horse Collar |
| 26:31 | Build | Stable |
| 26:31 | Build | Stable |
| 26:33 | Research | Scale Barding Armor |
| 26:33 | Research | Forging |
| 26:37 | Research | Gold Mining |
Build order — NACHg
First 150 of 423 actions detected
| 0:00 | Queue | Villager (Male) |
| 0:00 | Queue | Villager (Male) |
| 0:02 | Build | House |
| 0:04 | Build | House |
| 0:09 | Queue | Villager (Male) |
| 0:10 | Queue | Villager (Male) |
| 1:19 | Queue | Villager (Male) |
| 1:50 | Queue | Villager (Male) |
| 1:50 | Queue | Villager (Male) |
| 2:00 | Build | Lumber Camp |
| 2:24 | Queue | Villager (Male) |
| 2:24 | Queue | Villager (Male) |
| 2:47 | Queue | Villager (Male) |
| 2:47 | Queue | Villager (Male) |
| 3:00 | Queue | Villager (Male) |
| 3:52 | Queue | Villager (Male) |
| 3:52 | Queue | Villager (Male) |
| 4:07 | Queue | Villager (Male) |
| 4:07 | Queue | Villager (Male) |
| 4:15 | Build | House |
| 4:32 | Queue | Villager (Male) |
| 4:32 | Queue | Villager (Male) |
| 4:44 | Queue | Villager (Male) |
| 4:58 | Queue | Villager (Male) |
| 4:58 | Queue | Villager (Male) |
| 5:21 | Queue | Villager (Male) |
| 5:21 | Queue | Villager (Male) |
| 5:35 | Build | Barracks |
| 6:15 | Queue | Villager (Male) |
| 6:22 | Build | House |
| 6:29 | Research | Loom |
| 7:14 | Research | Feudal Age |
| 7:14 | Research | Feudal Age |
| 7:48 | Build | Mining Camp |
| 7:52 | Queue | Militia |
| 7:52 | Queue | Militia |
| 8:24 | Queue | Militia |
| 8:54 | Queue | Villager (Male) |
| 9:24 | Age | Feudal Age |
| 9:27 | Research | Man-at-Arms (upgrade) |
| 9:29 | Build | Archery Range |
| 9:32 | Queue | Villager (Male) |
| 9:37 | Build | House |
| 9:43 | Queue | Villager (Male) |
| 9:45 | Queue | Villager (Male) |
| 9:51 | Queue | Villager (Male) |
| 10:29 | Queue | Villager (Male) |
| 10:30 | Queue | Archer |
| 10:31 | Queue | Archer |
| 10:42 | Queue | Villager (Male) |
| 10:42 | Queue | Villager (Male) |
| 11:18 | Queue | Villager (Male) |
| 11:18 | Queue | Archer |
| 11:19 | Queue | Archer |
| 11:23 | Queue | Villager (Male) |
| 11:28 | Build | Blacksmith |
| 11:34 | Queue | Villager (Male) |
| 11:35 | Queue | Archer |
| 11:35 | Queue | Archer |
| 11:39 | Queue | Villager (Male) |
| 11:40 | Queue | Villager (Male) |
| 12:15 | Queue | Villager (Male) |
| 12:17 | Queue | Villager (Male) |
| 12:32 | Build | Mill |
| 12:50 | Queue | Villager (Male) |
| 13:02 | Queue | Villager (Male) |
| 13:06 | Build | House |
| 13:13 | Queue | Villager (Male) |
| 13:19 | Research | Double-Bit Axe |
| 13:26 | Research | Horse Collar |
| 13:35 | Research | Fletching |
| 13:36 | Queue | Villager (Male) |
| 13:43 | Build | Watch Tower |
| 13:45 | Queue | Villager (Male) |
| 13:48 | Queue | Archer |
| 13:51 | Queue | Archer |
| 13:52 | Queue | Archer |
| 13:58 | Queue | Villager (Male) |
| 14:28 | Build | House |
| 14:30 | Build | House |
| 14:34 | Queue | Villager (Male) |
| 14:34 | Queue | Villager (Male) |
| 14:36 | Build | Farm |
| 14:36 | Build | Farm |
| 14:37 | Build | Farm |
| 14:37 | Build | Farm |
| 14:37 | Build | Farm |
| 14:37 | Build | Farm |
| 14:51 | Queue | Archer |
| 15:01 | Build | Palisade Wall |
| 15:03 | Build | Palisade Wall |
| 15:03 | Build | Palisade Wall |
| 15:05 | Build | Palisade Wall |
| 15:05 | Build | Palisade Wall |
| 15:17 | Build | Farm |
| 15:17 | Build | Farm |
| 15:17 | Build | Farm |
| 15:18 | Build | Farm |
| 15:18 | Build | Farm |
| 15:29 | Build | Mining Camp |
| 15:33 | Build | Mining Camp |
| 15:42 | Queue | Archer |
| 15:47 | Queue | Archer |
| 15:54 | Build | Farm |
| 16:32 | Queue | Villager (Male) |
| 16:32 | Queue | Villager (Male) |
| 16:33 | Queue | Archer |
| 16:44 | Research | Padded Archer Armor |
| 16:44 | Research | Padded Archer Armor |
| 16:47 | Build | House |
| 16:48 | Build | House |
| 16:50 | Queue | Villager (Male) |
| 16:57 | Queue | Villager (Male) |
| 16:58 | Queue | Villager (Male) |
| 16:59 | Build | Farm |
| 17:00 | Queue | Villager (Male) |
| 17:00 | Queue | Villager (Male) |
| 17:20 | Queue | Archer |
| 17:20 | Queue | Archer |
| 17:51 | Queue | Archer |
| 17:51 | Queue | Archer |
| 17:52 | Queue | Villager (Male) |
| 17:53 | Build | Farm |
| 17:54 | Build | Farm |
| 17:54 | Build | Farm |
| 17:54 | Build | Farm |
| 17:54 | Build | Farm |
| 17:54 | Build | Farm |
| 17:55 | Build | Farm |
| 17:55 | Build | Farm |
| 17:55 | Build | Farm |
| 17:56 | Queue | Villager (Male) |
| 17:56 | Queue | Villager (Male) |
| 18:09 | Queue | Villager (Male) |
| 18:10 | Queue | Villager (Male) |
| 18:36 | Queue | Villager (Male) |
| 18:38 | Build | Farm |
| 18:39 | Queue | Villager (Male) |
| 18:39 | Queue | Archer |
| 18:40 | Queue | Archer |
| 19:09 | Build | Farm |
| 19:10 | Queue | Villager (Male) |
| 19:29 | Build | Watch Tower |
| 19:33 | Queue | Villager (Male) |
| 19:37 | Build | House |
| 19:40 | Build | Farm |
| 19:54 | Queue | Archer |
| 19:55 | Queue | Archer |
| 20:03 | Build | Watch Tower |
| 20:05 | Queue | Villager (Male) |
Match timeline
| 5:35 | NACHg · first_building Barracks |
| 9:24 | NACHg · age_up feudal |
| 9:29 | NACHg · first_building Archery Range |
| 10:15 | RubyMess · wall_segment Palisade Wall x1 |
| 10:17 | RubyMess · wall_segment Palisade Wall x1 |
| 10:21 | RubyMess · wall_segment Palisade Wall x1 |
| 10:24 | RubyMess · age_up feudal |
| 10:42 | RubyMess · wall_segment Palisade Wall x1 |
| 10:50 | RubyMess · wall_segment Palisade Wall x1 |
| 10:51 | RubyMess · wall_segment Palisade Wall x1 |
| 12:12 | RubyMess · first_building Barracks |
| 13:02 | RubyMess · first_building Archery Range |
| 15:01 | NACHg · wall_segment Palisade Wall x3 |
| 15:03 | NACHg · wall_segment Palisade Wall x1 |
| 15:03 | NACHg · wall_segment Palisade Wall x1 |
| 15:05 | NACHg · wall_segment Palisade Wall x1 |
| 15:05 | NACHg · wall_segment Palisade Wall x1 |
| 20:39 | NACHg · wall_segment Stone Wall x1 |
| 20:42 | NACHg · wall_segment Stone Wall x1 |
| 20:44 | NACHg · wall_segment Stone Wall x1 |
| 21:35 | NACHg · first_market_sell 100 wood |
| 23:58 | RubyMess · first_market_sell 100 wood |
| 24:15 | NACHg · first_building Stable |
| 24:19 | NACHg · age_up castle |
| 24:27 | NACHg · first_building Siege Workshop |
| 24:58 | NACHg · wall_segment Palisade Wall x1 |
| 25:40 | NACHg · first_market_buy 100 wood |
| 26:31 | RubyMess · first_building Stable |
| 26:40 | RubyMess · age_up castle |
| 28:48 | RubyMess · first_market_buy 100 food |
| 30:03 | NACHg · first_building Monastery |
| 30:30 | NACHg · first_building Castle |
| 31:08 | RubyMess · first_building Siege Workshop |
| 35:46 | RubyMess · first_building Monastery |
| 36:08 | NACHg · age_up imperial |
| 36:40 | RubyMess · first_building Castle |
| 39:19 | RubyMess · age_up imperial |
| 46:30 | NACHg · resign |
[ AI ANALYSIS · 1 CREDIT ]
What really happened in this match?
Wolo.gg analyzes every decision: build order, eco, micro, common mistakes by bracket. Personalized analysis on WhatsApp or Discord in 30 seconds.
Civ guide
Cumans
Perfil
Jugador #902500